 Dungeon Crawl Stone Soup version 0.21-a0-509-gecc5317 (webtiles) character file.

245 Dawnplanks the Digger (level 6, -15/34 HPs)
             Began as a Gargoyle Earth Elementalist on Nov 29, 2017.
             Demolished by an ogre
             ... wielding a +0 giant club
              (23 damage)
             ... on level 3 of the Dungeon.
             The game lasted 00:10:17 (3224 turns).

Dawnplanks the Digger (Gargoyle Earth Elementalist) Turns: 3224, Time: 00:10:18

Health: -15/34     AC:  8    Str: 12    XL:     6   Next: 10%
Magic:  7/10       EV: 12    Int: 17    God:
Gold:   101        SH:  0    Dex: 10    Spells: 1/10 levels left

rFire    . . .     SeeInvis .   C - +2 morningstar (freeze)
rCold    . . .     Gourm    +   (no shield)
rNeg     + + .     Faith    .   c - +0 robe
rPois    ∞         Spirit   .   f - +0 helmet
rElec    +         Reflect  .   x - +0 cloak
rCorr    +         Harm     .   (no gloves)
MR       .....                  (no boots)
Stlth    ++........             n - amulet of the gourmand
HPRegen  0.11/turn              p - ring of positive energy
MPRegen  0.12/turn              w - ring of resist corrosion

@: no status effects
A: negative energy resistance 1, electricity resistance, unbreathing,
petrification resistance, rot immunity, AC +4
a: no special abilities


You were on level 3 of the Dungeon.
You were not hungry.

You visited 1 branch of the dungeon, and saw 4 of its levels.

You collected 101 gold pieces.

Inventory:

Hand Weapons
 j - a +0 mace
 C - a +2 morningstar of freezing (weapon)
Missiles
 b - 73 stones (quivered)
Armour
 c - a +0 robe (worn)
 f - a +0 helmet (worn)
 x - a +0 cloak (worn)
Jewellery
 n - an amulet of the gourmand (around neck)
 p - a ring of positive energy (left hand)
 w - a ring of resist corrosion (right hand)
 y - an uncursed amulet of faith
Scrolls
 a - 4 scrolls of remove curse {unknown}
 h - 5 scrolls of identify {unknown}
 i - 2 scrolls of fog {unknown}
 l - a scroll of enchant weapon {unknown}
 m - a scroll of teleportation {unknown}
 s - a scroll of fear {unknown}
 v - a scroll of amnesia {unknown}
Potions
 k - a potion of flight {unknown}
 q - a potion of degeneration {unknown}
 r - a potion of ambrosia {unknown}
 u - a potion of brilliance {unknown}
 z - a potion of haste {unknown}
 A - a potion of berserk rage {unknown}
 B - a potion of heal wounds {unknown}
 D - a potion of cancellation {unknown}
Books
 e - a book of Geomancy

   Spells                             Type                      Level
   a - Sandblast                      Earth                        1
   b - Passwall                       Transmutation/Earth          2
   c - Stone Arrow                    Conjuration/Earth            3
   d - Petrify                        Transmutation/Earth          4
   e - Lee's Rapid Deconstruction     Earth                        5
Comestibles
 d - 5 bread rations
 g - 3 meat rations
 o - a royal jelly
 t - 6 fruits


   Skills:
 + Level 1.0 Fighting
 * Level 3.7 Maces & Flails
 + Level 2.2 Dodging
 - Level 2.1 Stealth
 + Level 2.8 Spellcasting
   Level 0.7 Transmutations
 + Level 4.8 Earth Magic


You had one spell level left.
You knew the following spells:

 Your Spells              Type           Power        Failure   Level  Hunger
a - Sandblast             Erth           ###...       2%          1    #......
b - Stone Arrow           Conj/Erth      ##....       19%         3    ###....
c - Lee's Rapid Deconstr  Erth           ###.......   54%         5    ######.


Dungeon Overview and Level Annotations

Branches:
Dungeon (4/15)
 Temple: D:4-7

Altars:
Hepliaklqana
Makhleb
Nemelex Xobeh
Wu Jian


Innate Abilities, Weirdness & Mutations

You are resistant to torment.
Your stone body is resilient. (AC +4)
You are immune to poison.
You resist negative energy. (rN+)
You are resistant to electric shocks. (rElec)
You can survive without breathing.
You are immune to petrification.
You are immune to rotting.


Message History

Aiming: Sandblast
Press: ? - help, Shift-Dir - straight line, f/p - ogre
Aim: an ogre, wielding a giant club (lightly wounded)
The blast of sand hits the ogre.
The ogre is moderately wounded.
b - 74 stones The ogre hits you with a giant club!!
Ouch! That really hurt!
* * * LOW HITPOINT WARNING * * *
Casting: Sandblast
Confirm with . or Enter, or press ? or * to list all spells.
Aiming: Sandblast
Press: ? - help, Shift-Dir - straight line, f/p - ogre
Aim: an ogre, wielding a giant club (moderately wounded)
The blast of sand hits the ogre.
The ogre is almost dead.
b - 73 stones The ogre hits you with a giant club!!
Ouch! That really hurt!
You die...

#.# #.# #.# #.# #.# #.# #.#
#.####.###.###### #.# #.#
#................ #.#
###.####.##.....####..## #.#
#........##...........# #####.#
#.####....#.....####..#
......####...####......####....#
####...........####..####......#
#.#######...O@######.......##
#.#######..[..######.....###
####.........[.####..####....##
.>......)....####......####...#
#########..####..........####.#
#...).......##........#
#..........############
############


You could see an ogre.

Vanquished Creatures
  An ogre (D:2)
  An orc wizard (D:3)
  Jessica (D:3)
  3 gnolls (D:3)
  An adder (D:2)
  2 oozes
  A dart slug (D:3)
  2 worms
  A leopard gecko (D:2)
  4 orcs (D:3)
  A ball python (D:1)
  2 giant cockroaches (D:3)
  9 goblins
  4 hobgoblins
  2 jackals (D:2)
  5 kobolds
  A quokka (D:2)
  3 bats
  3 frilled lizards
  8 rats
55 creatures vanquished.

Notes
Turn   | Place    | Note
-------+----------+-------------------------------------------
     0 | D:1      | Dawnplanks the Gargoyle Earth Elementalist began the quest for the Orb.
     0 | D:1      | Reached XP level 1. HP: 10/10 MP: 3/3
    70 | D:1      | Reached skill level 4 in Earth Magic
    70 | D:1      | Reached XP level 2. HP: 9/15 MP: 3/5
  1404 | D:2      | Reached XP level 3. HP: 20/20 MP: 3/6
  1428 | D:2      | Learned a level 3 spell: Stone Arrow
  1439 | D:2      | Found a sparkling altar of Nemelex Xobeh.
  1442 | D:2      | Reached skill level 1 in Maces & Flails
  1561 | D:2      | Noticed an ogre
  1601 | D:2      | Killed an ogre
  1601 | D:2      | Reached skill level 1 in Fighting
  1601 | D:2      | Reached XP level 4. HP: 20/25 MP: 5/7
  1601 | D:2      | Reached XP level 5. HP: 24/29 MP: 5/8
  1849 | D:2      | Learned a level 5 spell: Lee's Rapid Deconstruction
  2080 | D:2      | Found a hazy altar of Hepliaklqana.
  2571 | D:3      | Found an ornate altar of the Wu Jian Council.
  2717 | D:3      | Noticed Jessica
  2722 | D:3      | Killed Jessica
  2748 | D:3      | Reached XP level 6. HP: 34/34 MP: 6/10
  2980 | D:3      | Found a burning altar of Makhleb.
  3224 | D:3      | Demolished by an ogre

Vault maps used:
D:1:      roderic_chinese_lattice_arrival, serial_glass, glass_columns_b,
          glass_columns_a, st_stairs_11
D:2:      lemuel_doored_altar, nemelex_xobeh_ov_fountains_minmay, first_bread
D:3:      nicolae_overflow_hidden_temple, lemuel_coloured_pillars_altar,
          minmay_misc_feat_x, uniq_jessica
D:4:      cheibrodos_old_hovel, nicolae_overflow_crystal_walls, serial_shops,
          shop, portal_sewer_entry_a, okawaru_ov_weapons_minmay

Skill      XL: |  1  2  3  4  5 |
---------------+----------------+-----
Earth Magic    | 4 |  4.8
Maces & Flails | 2 3 |  3.7
Fighting       | 1 |  1.0
Dodging        | 2 |  2.2
Stealth        | |  2.1
Spellcasting   | |  2.8
Transmutations | |  0.7

Action                   |  1- 3 |  4- 6 || total
-------------------------+-------+-------++-------
Melee: Unarmed           |    34 |       ||    34
       Mace              |    60 |    28 ||    88
       Morningstar       |       |    19 ||    19
 Cast: Sandblast         |    11 |    21 ||    32
 Stab: Sleeping          |     2 |     2 ||     4
  Eat: Chunk             |     5 |     7 ||    12
Armor: Robe              |    47 |    14 ||    61
Dodge: Dodged            |    77 |    34 ||   111

Table legend:
 A = Spawn XP
 B = Non-spawn XP
 C = Spawn XP percentage of total XP
 D = Spawn monster count
 E = Non-spawn monster count
 F = Spawn count percentage of total count
 G = Total turns spent on level
                    A         B        C        D         E        F      G
               +---------+---------+-------+---------+---------+-------+---------
         Total |       0 |     350 |   0.0 |       0 |      55 |   0.0 |  3224
               +---------+---------+-------+---------+---------+-------+---------
           D:1 |       0 |      31 |   0.0 |       0 |      15 |   0.0 |  1401
           D:2 |       0 |     161 |   0.0 |       0 |      19 |   0.0 |   880
           D:3 |       0 |     158 |   0.0 |       0 |      21 |   0.0 |   941
               +---------+---------+-------+---------+---------+-------+---------
